 Dungeon Crawl Stone Soup version 0.24.1-1-gd1d2a07e1b (webtiles) character file.

Game seed: 542085401752642261, levelgen mode: deterministic

8677 Kagerus the Spear-Bearer (level 11, 0/85 HPs)
             Began as a Merfolk Gladiator on Apr 9, 2020.
             Was an Elder of Okawaru.
             Slain by a cyan ugly thing (15 damage)
             ... on level 10 of the Dungeon.
             The game lasted 01:15:33 (15672 turns).

Kagerus the Spear-Bearer (Merfolk Gladiator)       Turns: 15672, Time: 01:15:33

Health: 0/85       AC: 16    Str: 19    XL:     11   Next: 34%
Magic:  0/13       EV: 15    Int: 10    God:    Okawaru [****..]
Gold:   657        SH: 14    Dex: 15    Spells: 10/10 levels left

rFire    + . .     SeeInvis .   a - +1 trident
rCold    + . .     Gourm    .   h - +0 shield
rNeg     . . .     Faith    .   S - +0 chain mail of the First Snow {*Drain rPois rCorr Int+3}
rPois    +         Spirit   +   B - +0 helmet
rElec    .         Reflect  .   g - +1 cloak
rCorr    +         Harm     .   F - +2 pair of gloves of Xedghaq {+Inv}
MR       .....                  (no boots)
Stlth    ..........             A - amulet of guardian spirit
HPRegen  0.24/turn              c - ring of protection from cold
MPRegen  0.13/turn              I - ring of protection from fire

@: heroism
A: change form in water, swift swim, stealthy swim
a: Heroism, Renounce Religion, Evoke Invisibility


You were on level 10 of the Dungeon.
You worshipped Okawaru.
Okawaru was greatly pleased with you.
You were not hungry.

You visited 2 branches of the dungeon, and saw 12 of its levels.
You also visited: Sewer.

You collected 657 gold pieces.

Inventory:

Hand Weapons
 a - a +1 trident (weapon)
Missiles
 d - 2 throwing nets
 v - 16 boomerangs
 P - 15 poisoned darts (quivered)
 R - 4 javelins
Armour
 g - a +1 cloak (worn)
 h - a +0 shield (worn)
 l - a +0 troll leather armour
 B - a +0 helmet (worn)
 F - the +2 pair of gloves of Xedghaq (worn) {+Inv}
   (You found it on level 11 of the Dungeon)

   It lets you turn invisible.
 K - the +1 scale mail of the Trees {rElec Int+2}
   (You found it on level 6 of the Dungeon)

   It affects your intelligence (+2).
   It insulates you from electricity.
 S - the +0 chain mail of the First Snow (worn) {*Drain rPois rCorr Int+3}
   (You found it on level 10 of the Dungeon)

   It affects your intelligence (+3).
   It protects you from poison.
   It provides partial protection from all sources of acid and corrosion.
   It causes draining when unequipped.
Jewellery
 c - a ring of protection from cold (left hand)
 j - a +2 ring of dexterity
 q - an uncursed ring of wizardry {unknown}
 r - an uncursed ring of ice
 x - an uncursed amulet of harm
 A - an amulet of guardian spirit (around neck)
 H - a +3 ring of intelligence
 I - a ring of protection from fire (right hand)
Wands
 E - a wand of flame (17)
 J - a wand of iceblast (11)
Scrolls
 b - 7 scrolls of teleportation
 t - 4 scrolls of enchant weapon
 y - 4 scrolls of remove curse
 D - 2 scrolls of amnesia
 G - 2 scrolls of enchant armour
Potions
 e - 2 potions of brilliance
 i - a potion of invisibility {unknown}
 k - 3 potions of lignification
 m - 3 potions of flight
 n - 2 potions of curing
 o - 2 potions of cancellation {unknown}
 p - a potion of ambrosia {unknown}
 s - a potion of degeneration {unknown}
 u - a potion of might {unknown}
 w - 3 potions of agility {unknown}
 z - 2 potions of experience {unknown}
 C - 2 potions of berserk rage
 L - 3 potions of haste {unknown}
 M - a potion of resistance {unknown}
 O - a potion of magic {unknown}
Miscellaneous
 N - a crystal ball of energy
Comestibles
 f - 15 rations
 Q - 2 chunks of flesh


   Skills:
 - Level 7.6(12.6) Fighting
 - Level 14.0(19.0) Polearms
 - Level 2.0(7.0) Throwing
 + Level 1.0(6.0) Armour
 - Level 10.0(15.0) Dodging
 * Level 9.9(14.9) Shields
 + Level 2.8 Evocations


You had 10 spell levels left.
You didn't know any spells.
Your spell library was empty.

Dungeon Overview and Level Annotations

Branches:
Dungeon (11/15)            Temple (1/1) D:6             Orc (0/2) D:9
  Sewer (visited)
   Lair: D:8-11

Altars:
Ashenzari
Cheibriados
Dithmenos
Elyvilon
Fedhas
Gozag
Hepliaklqana
Kikubaaqudgha
Makhleb
Nemelex Xobeh
Okawaru
Ru
Sif Muna
Trog
Uskayaw
Vehumet
Wu Jian
Xom
Yredelemnul
Zin
The Shining One

Annotations:
D:9 1 runed translucent door
D:11 exclusions: door and 1 more exclusion


Message History

The cyan ugly thing kicks you. The cyan ugly thing shocks you!
* * * LOW HITPOINT WARNING * * *
You gain the combat prowess of a mighty hero.
You block the cyan ugly thing's attack.
You closely miss the cyan ugly thing.
The cyan ugly thing is heavily wounded.
You closely miss the cyan ugly thing.
The cyan ugly thing is heavily wounded.
You block the cyan ugly thing's attack.
You puncture the cyan ugly thing!
The cyan ugly thing is severely wounded.
The cyan ugly thing misses you.
You hit the cyan ugly thing.
The cyan ugly thing is severely wounded.
You hit the cyan ugly thing.
The cyan ugly thing is severely wounded.
The cyan ugly thing kicks you!
* * * LOW HITPOINT WARNING * * *
The cyan ugly thing shocks you!
You die...

#...##..## #[## #.##.##....
.........##### ###..#.....
..........## #..#.....
.....[.....## #.#......
............## ##.#......
.............## ####.........
..............## ###>..#........
...........<...####...####(......
..........##)...@u.#### ##.>....
..........###....### ###....
..........###..#..# ##...
...........#..#...## ###.
.............#.....# ##
.......#....#......## #
......##...#........# #
......##..#.........# ##
.....###............## ##.


You could see a cyan ugly thing.

Vanquished Creatures
  2 two-headed ogres
  Pikel (D:6)
  An ugly thing (D:10)
  A manticore (D:11)
  An elephant (D:10)
  A centaur zombie (D:11)
  A troll (D:9)
  A hippogriff (D:9)
  Sigmund (D:2)
  A basilisk (D:11)
  5 yaks
  Grum (D:10)
  A hungry ghost (D:9)
  4 orc warriors
  An ice beast (D:6)
  4 slaves
  2 phantoms
  2 wolves
  5 ogres
  A necrophage (D:10)
  3 centaurs
  A crocodile (D:9)
  2 big kobolds (Sewer)
  5 bullfrogs
  A scorpion (D:9)
  A water moccasin zombie (D:8)
  3 howler monkeys
  3 jellies
  A crimson imp (D:3)
  A bullfrog zombie (D:8)
  7 orc priests
  2 orc wizards (D:9)
  3 centaur skeletons
  3 hounds
  Jessica (D:2)
  3 iguanas
  8 worker ants
  3 hound zombies
  Robin (D:4)
  A worker ant zombie (D:8)
  11 gnolls
  10 adders
  2 shadow imps
  2 oozes (Sewer)
  An adder skeleton (D:3)
  5 dart slugs
  9 leopard geckos
  30 orcs
  7 giant cockroaches
  13 goblins
  8 hobgoblins
  7 jackals
  18 kobolds
  4 quokkas
  2 ball pythons
  5 bats
  4 frilled lizards
  2 quokka skeletons
  16 rats
246 creatures vanquished.

Notes
Turn   | Place    | Note
-------+----------+-------------------------------------------
     0 | D:1      | Kagerus the Merfolk Gladiator began the quest for the Orb.
     0 | D:1      | Reached XP level 1. HP: 16/16 MP: 1/1
   313 | D:1      | Reached skill level 5 in Polearms
   313 | D:1      | Reached XP level 2. HP: 23/23 MP: 2/2
   453 | D:1      | Reached XP level 3. HP: 28/29 MP: 3/3
  1108 | D:2      | Noticed Sigmund
  1266 | D:2      | Noticed Jessica
  1272 | D:2      | Killed Jessica
  1272 | D:2      | Reached XP level 4. HP: 37/37 MP: 4/4
  1327 | D:2      | Reached skill level 6 in Polearms
  1438 | D:2      | Found an ornate altar of the Wu Jian Council.
  1609 | D:2      | Found a shimmering blue altar of Sif Muna.
  2096 | D:2      | Killed Sigmund
  2096 | D:2      | Reached skill level 5 in Fighting
  2096 | D:2      | Reached skill level 7 in Polearms
  2096 | D:2      | Reached XP level 5. HP: 22/44 MP: 5/5
  2096 | D:2      | Reached XP level 6. HP: 25/51 MP: 6/6
  2638 | D:3      | Found a glowing drain.
  2647 | Sewer    | Entered a sewer
  2863 | Sewer    | Reached skill level 8 in Polearms
  3035 | Sewer    | Reached XP level 7. HP: 57/57 MP: 7/7
  3283 | D:3      | Found a shattered altar of Ashenzari.
  3751 | D:4      | Found a hazy altar of Hepliaklqana.
  3803 | D:4      | Reached skill level 9 in Polearms
  4133 | D:4      | Noticed Robin
  4428 | D:4      | Killed Robin
  4613 | D:5      | Entered Level 5 of the Dungeon
  4842 | D:5      | Reached XP level 8. HP: 39/67 MP: 8/8
  5014 | D:5      | Reached skill level 10 in Polearms
  5727 | D:6      | Got a faintly glowing scale mail
  5779 | D:6      | Found a staircase to the Ecumenical Temple.
  5810 | D:6      | Noticed Pikel
  5831 | Temple   | Entered the Ecumenical Temple
  5833 | Temple   | Reached skill level 11 in Polearms
  5946 | Temple   | Became a worshipper of Warmaster Okawaru
  6480 | D:5      | Identified the +1 scale mail of the Trees {rElec Int+2}
                  | (You found it on level 6 of the Dungeon)
  6958 | D:5      | Reached skill level 12 in Polearms
  7843 | D:6      | Killed Pikel
  7843 | D:6      | Reached * piety under Okawaru
  7843 | D:6      | Reached skill level 13 in Polearms
  7843 | D:6      | Reached XP level 9. HP: 56/73 MP: 9/9
  8255 | D:7      | Reached skill level 14 in Polearms
  8362 | D:6      | Reached skill level 1 in Shields
  8507 | D:7      | Reached skill level 5 in Dodging
  9053 | D:8      | Reached ** piety under Okawaru
  9118 | D:8      | Noticed a two-headed ogre
  9451 | D:8      | Killed a two-headed ogre
  9451 | D:8      | Reached skill level 5 in Shields
  9451 | D:8      | Reached XP level 10. HP: 76/80 MP: 8/10
  9697 | D:9      | Found a staircase to the Orcish Mines.
  9721 | D:9      | Reached *** piety under Okawaru
 10019 | D:9      | Found a shadowy altar of Dithmenos.
 10020 | D:9      | Found a white marble altar of Elyvilon.
 10394 | D:9      | Found a glowing silver altar of Zin.
 10400 | D:9      | Found a runed translucent door.
 10400 | D:9      | Noticed an angel
 10905 | D:10     | Entered Level 10 of the Dungeon
 11180 | D:10     | Noticed Grum
 11512 | D:10     | Killed Grum
 11562 | D:10     | Noticed a green ugly thing
 12885 | D:10     | Reached **** piety under Okawaru
 12959 | D:10     | Killed a green ugly thing
 12959 | D:10     | Reached skill level 10 in Dodging
 13839 | D:11     | Noticed a cyclops
 13920 | D:11     | Reached XP level 11. HP: 81/85 MP: 9/11
 13933 | D:11     | Got a pair of faintly humming gloves
 13955 | D:10     | Identified the +2 pair of gloves of Xedghaq {+Inv} (You
                  | found it on level 11 of the Dungeon)
 14131 | D:11     | Noticed a manticore
 14161 | D:11     | Killed a manticore
 14161 | D:11     | Reached skill level 1 in Evocations
 14826 | D:10     | Got a crude chain mail
 14838 | D:10     | Identified the cursed +0 chain mail of the First Snow
                  | {*Drain rPois rCorr Int+3} (You found it on level 10 of the
                  | Dungeon)
 14908 | D:11     | Noticed a cyan ugly thing
 14908 | D:11     | Noticed a cyclops
 14908 | D:11     | Noticed a red ugly thing
 14910 | D:11     | Noticed a two-headed ogre
 15457 | D:10     | Killed a two-headed ogre
 15457 | D:10     | Reached skill level 1 in Armour
 15672 | D:10     | Slain by a cyan ugly thing

Levels and vault maps discovered:
D:1:      dpeg_arrival_line_fractal, layout_rooms, minivault_25,
          hangedman_decor_clover_reticule, chequers_serial_rivers_micro_a
D:2:      layout_basic, led_sif_pool, marbit_many_paths, first_ration,
          serial_glass, glass_columns_b, glass_columns_c, uniq_sigmund,
          uniq_jessica
D:3:      layout_basic, portal_sewer_entry_f, cheibrodos_ashenzari_chains
D:4:      layout_loops_ring, old_standard_altar, dk_rats_in_the_wall, uniq_robin
D:5:      layout_loops_ring, minmay_chambers_of_fives
D:6:      layout_loops_ring, minmay_temple_entry_stoned_glass, uniq_pikel
D:7:      layout_cave_pools
D:8:      layout_cave_pools, grunt_ogre_cave, kennysheep_generic_room_3
D:9:      layout_stronghold, gammafunk_temple_overflow_statue, orc_0_dummy,
          lemuel_angel_altar
D:10:     layout_cave_pods, uniq_grum
D:11:     layout_roguey, david_lair_generic
Temple:   eino_temple_scatter_basement

Skill      XL: |  1  2  3  4  5  6  7  8  9 10 11 |
---------------+----------------------------------+-----
Polearms       | 5 7 8 9 13 14 | 14.0
Fighting       | 3 5 7 |  7.6
Shields        | 5 8 9 |  9.9
Dodging        | 8 10 | 10.0
Evocations     | 2 |  2.8
Armour         | 1 |  1.0
Throwing       | |  2.0

Action                   |  1- 3 |  4- 6 |  7- 9 | 10-12 || total
-------------------------+-------+-------+-------+-------++-------
Melee: Trident           |    61 |   211 |   539 |   520 ||  1331
       Tailslap          |       |     1 |       |       ||     1
Throw: Throwing net      |     1 |     1 |       |     1 ||     3
       Boomerang         |       |       |     3 |       ||     3
       Dart              |       |       |     4 |    16 ||    20
Invok: Heroism           |       |       |       |     6 ||     6
  Use: Scroll            |     3 |       |    15 |     5 ||    23
       Potion            |       |     1 |       |     9 ||    10
 Stab: Held in net/web   |       |     1 |       |       ||     1
       Sleeping          |       |     1 |       |       ||     1
  Eat: Chunk             |       |     7 |    14 |     6 ||    27
       Ration            |       |       |     2 |     4 ||     6
Armor: Leather armour    |     7 |       |       |       ||     7
       Ring mail         |     9 |    42 |    42 |       ||    93
       Scale mail        |       |       |    81 |   163 ||   244
       Chain mail        |       |       |       |     8 ||     8
Dodge: Dodged            |    21 |    99 |   235 |   190 ||   545
Block: Shield            |       |       |       |   207 ||   207
